cohdb
Replays
Latest Replays
All Replays
Popular Replays
Top Player Replays
Match Explorer
How It Works
Community
CoH3 Stats
Reddit
Sign in to upload your games and track your stats! →
Sign in with Steam
Match 41208379
Unlisted
Match 41208379
Overview
Messages
Build Orders
End
Construct Barracks
Riflemen Squad
Riflemen Squad
Grenade Package
Riflemen Squad
Infantry Support Center
Selects Advanced Infantry Battlegroup
Selects Convert to Ranger Squad
Ranger Squad
M1918 Browning Automatic Rifles
Construct Motor Pool
Selects Frontline Medical Station
Frontline Medical Station
M24 Chaffee Light Tank
Selects Infantry Assault
Selects Artillery Observers
Infantry Assault
Frontline Medical Station
Engineer Squad
Selects M2A1 105mm Howitzer Emplacement
Advanced Logistics
Captain Retinue
Frontline Medical Station
Selects Free Fire Drills
AI Takeover
De_znutz
Andhrimnir
mæjus
UH|ck
UH|XTC
insane
0
0
Comments
sign in to comment!
No comments posted yet!